 Dungeon Crawl Stone Soup version 0.29.0-4-gdea44cf6ec (webtiles) character file.

Game seed: 6412902292771923476

21 qw the Chopper (level 2, -3/17 HPs)
             Began as a Tengu Warper on Aug 28, 2022.
             Succumbed to their own poison gas
             ... on level 1 of the Dungeon.
             The game lasted 00:00:05 (1263 turns).

qw the Chopper (Tengu Warper)                       Turns: 1263, Time: 00:00:05

Health: -3/17      AC:  3    Str: 11    XL:     2   Next: 87%
Magic:  6/6        EV: 11    Int: 13    God:
Gold:   59         SH:  0    Dex: 13    Spells: 5/5 levels left

rFire   . . .      SeeInvis .   Y - +0 hand axe
rCold   . . .      Faith    .   (no shield)
rNeg    . . .      Spirit   .   b - +0 leather armour
rPois   .          Reflect  .   (helmet restricted)
rElec   .          Harm     .   (no cloak)
rCorr   .          Rampage  .   (no gloves)
Will    .....                   (boots unavailable)
Stlth   +.........              (no amulet)
HPRegen 0.05/turn               (no ring)
MPRegen 0.10/turn               (no ring)

@: lethally poisoned (-3 -> -21), weak-willed
A: beak, talons 3
a: no special abilities


You were on level 1 of the Dungeon.
You visited 1 branch of the dungeon, and saw 1 of its levels.

You collected 59 gold pieces.


Innate Abilities, Weirdness & Mutations

You have a beak for a mouth.
You have claws for feet.


   Skills:
 - Level 2.0 Fighting
 + Level 3.6 Axes
 - Level 1.0 Throwing
 - Level 1.1 Armour
 - Level 2.1 Dodging
 - Level 2.0 Spellcasting
 - Level 2.4 Translocations


You had 5 spell levels left.
You didn't know any spells.
Your spell library contained the following spells:

 Spells                   Type           Power      Damage    Failure   Level
 Blink                    Tloc           14%        N/A       19%         2
 Gell's Gravitas          Tloc           7%         N/A       36%         3
 Lesser Beckoning         Tloc           7%         N/A       36%         3
 Teleport Other           Tloc           7%         N/A       36%         3
 Manifold Assault         Tloc           7%         N/A       98%         5

Inventory:

Hand Weapons
 g - a +0 whip
 Y - a +0 hand axe (weapon)
Armour
 b - a +0 leather armour (worn)
Potions
 h - a potion of ambrosia {unknown}
 j - a potion of flight {unknown}

Dungeon Overview and Level Annotations

Branches:
Dungeon (1/15)

Altars:


Message History

You enter the shallow water.
Moving in this stuff is going to be slow.
Done exploring.
Enter note:
Enter note:
Enter note:
Enter note: Done exploring.
1258 ||| READING scroll labelled NIR FUFFITIZXOCS.
As you read the scroll labelled NIR FUFFITIZXOCS, it crumbles to dust.
It is a scroll of enchant armour.
Really abort (and waste the scroll)?
Done exploring.
1259 ||| READING scroll labelled REUPUG DAKUDY.
As you read the scroll labelled REUPUG DAKUDY, it crumbles to dust.
It is a scroll of identify.
Really abort (and waste the scroll)?
Done exploring.
1260 ||| READING scroll labelled UXYECW SAANGODA.
As you read the scroll labelled UXYECW SAANGODA, it crumbles to dust.
Magic quickly surges around you.
It was a scroll of vulnerability.
Done exploring.
1261 ||| READING scroll labelled QOSTORIUXO.
The air fills with toxic fumes!
As you read the scroll labelled QOSTORIUXO, it crumbles to dust.
It was a scroll of poison.
Done exploring.
1262 ||| DROPPING scroll of blinking.
You drop a scroll of blinking.
You hear a splash.
Done exploring.
(D) Dungeon
Where to? (* - list waypoints, ? - help)
What level of the Dungeon? (default 1, ? - help) Sorry, I don't know how to get there.
Done exploring.
1263 ||| Stepping randomly (stuck).
Really walk into that cloud of poison gas?
You are engulfed in poison gas.
You are lethally poisoned!
Ouch! That really hurt!
You die...

#~###.### #.#.# #............
#~# #.# #####.#.#
#.....######' ### #.#
##.....#.# #.....#~~~~~# #.#
7P.77....# #.....#....~# #.#
7P~~77.#####.....#....~# ##.#
77~~77.##.####.###....~# #..#
7~77#.##.# #.##'######
#.777777¤777777.# #.##.......
#.77P77¤¤¤PP7@7¤####¤#########
#..~.~¤¤¤¤¤¤¤?¤¤¤¤¤¤¤# #....
##~~P77¤¤¤¤7P7¤¤##########..##
#77777P¤~77777¤¤##.........#
7.~77 ##¤###.#######.# 77~P7
##..# #.# #.## 7..77 #..##
#.#######(.. 7~.77##.##
#........... ##......#
############


There were no monsters in sight!

Vanquished Creatures
  2 bats (D:1)
  3 endoplasms (D:1)
  A giant cockroach (D:1)
  A hobgoblin (D:1)
  A kobold (D:1)
  A quokka (D:1)
  4 ball pythons (D:1)
  2 frilled lizards (D:1)
  2 goblins (D:1)
  3 rats (D:1)
20 creatures vanquished.

Notes
Turn   | Place    | Note
-------+----------+-------------------------------------------
     0 | D:1      | qw the Tengu Warper began the quest for the Orb.
     0 | D:1      | Reached XP level 1. HP: 12/12 MP: 4/4
     0 | D:1      | 0 ||| qw: Version: 0.1-a-89-g26bdef1
     0 | D:1      | 0 ||| qw: Game counter: 2170
     0 | D:1      | 0 ||| qw: Always use a shield: true
     0 | D:1      | 0 ||| qw: God list: Okawaru
     0 | D:1      | 0 ||| qw: Allow faded altars: false
     0 | D:1      | 0 ||| qw: Do Orc after D:15 true
     0 | D:1      | 0 ||| qw: Do second Lair branch before Depths: true
     0 | D:1      | 0 ||| qw: Lair rune preference: random
     0 | D:1      | 0 ||| qw: Plans: Normal
     0 | D:1      | 0 ||| PLANNING D:1-11
   410 | D:1      | Found a faded altar of an unknown god.
   429 | D:1      | Reached skill level 3 in Axes
   429 | D:1      | Reached XP level 2. HP: 17/17 MP: 6/6
   453 | D:1      | 453 ||| Stepping ~*~*~tactically~*~*~ (stealth).
   555 | D:1      | 555 ||| DROPPING +0 club.
  1258 | D:1      | 1258 ||| READING scroll labelled NIR FUFFITIZXOCS.
  1259 | D:1      | 1259 ||| READING scroll labelled REUPUG DAKUDY.
  1260 | D:1      | 1260 ||| READING scroll labelled UXYECW SAANGODA.
  1261 | D:1      | 1261 ||| READING scroll labelled QOSTORIUXO.
  1262 | D:1      | 1262 ||| DROPPING scroll of blinking.
  1263 | D:1      | 1263 ||| Stepping randomly (stuck).
  1263 | D:1      | HP: 3/17 [cloud of poison gas (14)]
  1263 | D:1      | Succumbed to their own poison gas

Levels and vault maps discovered:
D:1:      wander_arrival_abandoned_jail, layout_basic, serial_rivers,
          chequers_serial_rivers_large_b, chequers_serial_rivers_small_3,
          chequers_serial_rivers_small_b, chequers_serial_rivers_room_a,
          chequers_ecumenical_altar_simple, serial_bayou_crossing

Skill      XL: |  1 |
---------------+----+-----
Axes           | 3 |  3.6
Fighting       | |  2.0
Throwing       | |  1.0
Armour         | |  1.1
Dodging        | |  2.1
Spellcasting   | |  2.0
Translocations | |  2.4

Action                   || total
-------------------------++-------
Melee: Hand axe          ||    37
       Kick              ||     9
       Peck              ||     1
Throw: Boomerang         ||     7
  Use: Scroll            ||     4
Armor: Leather armour    ||    15
Dodge: Dodged            ||    18

Table legend:
 A = Non-vault XP
 B = Vault XP
 C = Vault XP percentage of total XP
 D = Non-vault monster count
 E = Vault monster count
 F = Vault count percentage of total count
                 A         B        C        D         E       F
            +---------+---------+-------+---------+---------+-------
      Total |      31 |       0 |   0.0 |      20 |       0 |   0.0
            +---------+---------+-------+---------+---------+-------
        D:1 |      31 |       0 |   0.0 |      20 |       0 |   0.0
            +---------+---------+-------+---------+---------+-------
